Map: Taito Citadel LE

Players

HoldTheDoor - Winner!

  • Race: Protoss Protoss
  • League: Diamond
  • Spawn Location: 5:00

IIIIIIIIIIII

  • Race: Zerg Zerg
  • League: Diamond
  • Spawn Location: 11:00

VOD

Have the link to the VOD?

Description

Time

  • Played on: May 15, 2026, 1:32 p.m.
  • Length: 10:16
Show
View Real Time Build Order
Export as new Build Order

HoldTheDoor Protoss - Winner!

Build Orders: 1 Gate Expand, Archon Immortal, Dark Templar Rush 

Get SALT Encoding   

  12  0:00  Probe  
  13  0:12  Probe  
  14  0:18  Pylon  
  14  0:24  Probe  
  15  0:32  Probe  
  15  0:40  Probe  
  15  0:41  Gateway  
  17  0:50  Assimilator, Probe  
  18  1:03  Probe  
  19  1:22  Nexus  
  19  1:32  Cybernetics Core  
  19  1:35  Probe  
  20  1:41  Assimilator  
  20  1:46  Pylon  
  20  1:50  Probe  
  21  1:57  Stalker  
  21  2:02  Probe  
  22  2:10  Warp Gate  
  22  2:14  Probe  
  25  2:26  Probe  
  26  2:31  Gateway  
  26  2:32  Adept  
  26  2:36  Probe  
  29  2:38  Probe  
  30  2:45  Twilight Council  
  30  2:48  Probe  
  31  2:54  Probe  
  32  3:00  Probe  
  32  3:05  Robotics Facility  
  33  3:06  Probe  
  34  3:12  Assimilator  
  34  3:15  Probe  
  35  3:24  Dark Shrine  
  35  3:25  Pylon  
  35  3:27  Probe  
  35  3:28  Probe  
  37  3:39  Probe  
  37  3:40  Probe  
  39  3:51  Probe  
  39  3:54  Warp Prism  
  42  3:59  Stalker x2  
  46  4:04  Pylon  
  46  4:08  Gateway  
  46  4:11  Gateway  
  46  4:17  Probe  
  46  4:19  Probe  
  48  4:29  Probe  
  49  4:32  Probe  
  50  4:41  Probe  
  51  4:47  Nexus  
  51  4:48  Pylon  
  51  4:54  Dark Templar x2  
  55  5:06  Dark Templar x2  
  59  5:48  Probe x2  
  61  6:00  Probe  
  61  6:02  Charge, Stalker  
  61  6:03  Stalker x3  
  70  6:05  Probe  
  70  6:07  Probe  
  70  6:09  Immortal  
  76  6:12  Probe  
  76  6:17  Probe  
  78  6:26  Dark Templar  
  78  6:27  Dark Templar  
  68  6:51  Stalker x2  
  66  7:04  Probe  
  66  7:05  Probe x2  
  66  7:07  Stalker x2  
  73  7:16  Gateway  
  73  7:17  Probe x2  
  73  7:18  Gateway  
  73  7:19  Forge  
  73  7:21  Gateway x2, Probe  
  76  7:24  Immortal  
  76  7:26  Archon  
  76  7:27  Archon  
  76  7:28  Gateway  
  76  7:29  Probe x2, Gateway  
  82  7:34  Pylon  
  82  7:35  Pylon  
  82  7:38  Pylon, Probe  
  82  7:39  Pylon  
  82  7:41  Pylon  
  82  7:42  Pylon x2  
  82  7:44  Zealot  
  85  7:45  Pylon, Shield Battery  
  85  7:47  Zealot x2  
  85  7:50  Protoss Ground Weapons Level 1  
  85  7:54  Photon Cannon  
  85  7:55  Photon Cannon  
  85  7:58  Photon Cannon  
  85  8:01  Probe  
  85  8:02  Photon Cannon  
  86  8:08  Photon Cannon  
  86  8:10  Pylon  
  86  8:14  Pylon, Dark Templar x2  
  86  8:17  Photon Cannon  
  86  8:19  Dark Templar x2  
  94  8:20  Immortal  
  94  8:21  Photon Cannon  
  94  8:22  Archon  
  94  8:23  Archon  
  98  8:27  Probe  
  98  8:28  Probe  
  98  8:30  Probe  
  101  8:36  Zealot x2  
  101  8:38  Zealot  
  107  8:49  Zealot x4  
  107  8:53  Observer  
  116  9:03  Photon Cannon, Immortal  
  116  9:12  Zealot  
  116  9:13  Zealot x4  
  130  9:17  Dark Templar  
  130  9:18  Dark Templar  
  130  9:21  Archon  
  134  9:32  Photon Cannon  
  134  9:36  Photon Cannon  
  134  9:37  Pylon  
  134  9:50  Zealot x5  
  134  9:51  Zealot x5  
Show
View Real Time Build Order
Export as new Build Order

IIIIIIIIIIII Zerg 

Build Orders: Hatch First, Ravager All-In 

Get SALT Encoding   

  12  0:00  Drone  
  13  0:14  Overlord  
  13  0:16  Drone  
  14  0:32  Drone x2  
  16  0:47  Hatchery  
  15  0:51  Drone  
  15  0:55  Drone  
  17  0:58  Drone  
  18  1:09  Extractor  
  17  1:14  Spawning Pool  
  17  1:18  Drone  
  17  1:20  Drone  
  19  1:32  Drone  
  19  1:40  Drone  
  20  1:51  Drone  
  21  2:01  Queen x2  
  21  2:02  Drone  
  21  2:04  Overlord  
  26  2:10  Drone  
  26  2:12  Drone  
  28  2:17  Metabolic Boost  
  28  2:22  Drone  
  29  2:23  Drone  
  30  2:32  Drone  
  30  2:34  Drone  
  32  2:42  Drone  
  33  2:45  Drone  
  34  2:52  Drone  
  34  2:55  Overlord  
  35  3:07  Drone, Extractor  
  35  3:08  Hatchery  
  35  3:11  Drone  
  35  3:12  Drone  
  36  3:16  Drone x3  
  36  3:18  Drone  
  36  3:19  Roach Warren, Drone  
  40  3:23  Overlord  
  40  3:26  Drone  
  41  3:36  Drone x2  
  43  3:45  Drone x7  
  50  3:49  Spore Crawler  
  50  3:53  Spore Crawler  
  48  4:06  Drone x3  
  48  4:09  Overlord  
  51  4:17  Overlord x2  
  51  4:19  Drone  
  51  4:23  Queen  
  54  4:28  Extractor  
  54  4:30  Roach x6  
  65  4:32  Overlord  
  65  4:33  Overlord  
  65  4:37  Extractor  
  65  4:38  Lair  
  64  4:49  Drone x2  
  64  4:50  Drone x2  
  64  4:51  Overlord  
  64  4:52  Overlord  
  68  4:53  Drone x2  
  68  4:54  Drone  
  68  4:56  Ravager x2  
  68  4:57  Ravager x3  
  68  4:58  Extractor  
  75  5:04  Extractor  
  74  5:10  Ravager  
  74  5:12  Zergling x2  
  74  5:13  Zergling x10  
  81  5:21  Evolution Chamber x2  
  74  5:27  Spore Crawler  
  71  5:48  Overseer  
  71  5:50  Zerg Melee Weapons Level 1  
  71  5:52  Zergling x2  
  71  5:53  Zergling x18  
  73  6:07  Hatchery  
  72  6:14  Zergling x6  
  72  6:15  Zergling x2  
  76  6:25  Zerg Missile Weapons Level 1, Glial Reconstitution  
  76  6:32  Hatchery  
  44  6:58  Zergling x16  
  44  6:59  Zergling x8  
  50  7:08  Overseer x2  
  49  7:20  Drone x5  
  54  7:33  Drone x3  
  57  7:41  Queen  
  59  7:50  Queen  
  60  7:51  Drone x9  
  60  7:52  Drone  
  60  7:54  Spore Crawler  
  60  7:56  Extractor  
  60  7:57  Extractor  
  67  8:03  Roach x5  
  77  8:06  Drone  
  78  8:26  Roach  
  77  8:27  Drone x9  
  85  8:40  Drone x8  
  93  8:53  Ravager  
  93  8:54  Ravager x5  
  101  9:02  Roach  
  101  9:03  Roach  
  101  9:04  Overlord x7  
  103  9:14  Overseer  
  103  9:15  Overlord x3  
  103  9:27  Roach  
  103  9:28  Roach x12  
  129  9:37  Ravager  
  129  9:38  Ravager  
  120  9:53  Roach  
  120  9:54  Roach x12  
Tags
 
Add a new tag
Caveats
  • Supply blocks, unpowered buildings, or Contaminate may cause inaccurate times.
  • Supply counts are checked every 10 seconds.